 Dungeon Crawl Stone Soup version 0.29-a0-824-gd827844252 (webtiles) character file.

Game seed: 17995348650432510107

259 buhh the Insei (level 6, 0/42 HPs)
             Began as an Octopode Transmuter on July 9, 2022.
             Slain by a gnoll bouda
             ... wielding a +0 club
              (10 damage)
             ... on level 3 of the Dungeon.
             The game lasted 00:04:10 (4490 turns).

buhh the Insei (Octopode Transmuter)                Turns: 4490, Time: 00:04:11

Health: 0/42       AC:  2    Str:  9    XL:     6   Next: 17%
Magic:  4/9        EV: 21    Int: 17    God:
Gold:   90         SH:  0    Dex: 18    Spells: 3/9 levels left

rFire   . . .      SeeInvis +     - Unarmed
rCold   . . .      Faith    .   (shield currently unavailable)
rNeg    . . .      Spirit   .   (helmet currently unavailable)
rPois   x          Reflect  .   (no amulet)
rElec   .          Harm     .   g - ring of see invisible
rCorr   .          Rampage  .   (no ring)
Will    .....                   (no ring)
Stlth   ++........              (no ring)
HPRegen 0.14/turn               (no ring)
MPRegen 0.11/turn               (no ring)
                                (no ring)
                                (no ring)

@: spider-form (expiring), weakened
A: venomous fangs, almost no armour, (amphibious), 8 rings, tiny, (camouflage
1), (gelatinous body 1), (nimble swimmer 1), (tentacles)
a: End Transformation


You were on level 3 of the Dungeon.
You were a venomous arachnid creature.
You visited 1 branch of the dungeon, and saw 3 of its levels.

You collected 90 gold pieces.

Inventory:

Hand Weapons
 a - the +3 mace "Icric" {flame, Stlth+}
   (You found it on level 2 of the Dungeon)

   It burns those it strikes, dealing additional fire damage.
   Stlth:     It makes you more stealthy.
Missiles
 e - 3 poisoned darts
 k - a throwing net
Jewellery
 g - a ring of see invisible (left front leg)
Wands
 h - a wand of polymorph (21)
Scrolls
 j - 2 scrolls of identify {unknown}
 l - a scroll of blinking {unknown}
 n - a scroll of teleportation {!d}
Potions
 b - a potion of berserk rage {unknown}
 c - a potion of brilliance {unknown}
 d - 9 potions of curing {unknown}
 f - a potion of haste {unknown}
 i - a potion of cancellation {unknown}
 m - a potion of attraction {unknown}


   Skills:
 + Level 3.1 Fighting
 + Level 3.6 Dodging
 - Level 1.0 Stealth
 + Level 4.2 Unarmed Combat
 - Level 2.0 Spellcasting
 + Level 2.8 Transmutations
 - Level 1.0 Poison Magic


You had 3 spell levels left.
You knew the following spells:

 Your Spells              Type           Power      Damage    Failure   Level
a - Beastly Appendage     Tmut           22%        N/A       17%         1
b - Wereblood             Tmut           11%        N/A       22%         2
c - Spider Form           Tmut/Pois      8%         N/A       47%         3

Your spell library contained the following spells:

 Spells                   Type           Power      Damage    Failure   Level
 Sting                    Tmut/Pois      32%        1d4       22%         1
 Passwall                 Tmut/Erth      5%         N/A       34%         2
 Sandblast                Erth           2%         2d4       38%         1
 Poisonous Vapours        Pois/Air       6%         N/A       45%         2
 Ignite Poison            Fire/Tmut/Pois 6%         N/A       56%         3
 Mephitic Cloud           Conj/Pois/Air  2%         N/A       67%         3
 Gell's Gravitas          Tloc           1%         N/A       71%         3
 Ozocubu's Armour         Ice            1%         N/A       71%         3
 Stone Arrow              Conj/Erth      2%         3d7       71%         3
 Teleport Other           Tloc           1%         N/A       71%         3
 Ice Form                 Ice/Tmut       6%         N/A       87%         4
 Corpse Rot               Necr/Pois/Air  2%         N/A       95%         4
 Freezing Cloud           Conj/Ice/Air   0%         6-21      100%        5
 Metabolic Englaciation   Hex/Ice        0%         N/A       100%        5
 Dispersal                Tloc           0%         N/A       100%        6
 Simulacrum               Ice/Necr       0%         N/A       100%        6


Dungeon Overview and Level Annotations

Branches:
Dungeon (3/15) Zot: 13519

Altars:
Elyvilon
Kikubaaqudgha
The Shining One

Shops:
D:1 =

Annotations:
D:2 exclusion: downstairs


Innate Abilities, Weirdness & Mutations

You are a venomous arachnid creature.
You have poisonous fangs.
You are tiny and dextrous.
Your spellcasting is less reliable in this form.
Your armour is entirely melded.
You are incapable of wielding weapons or throwing items.
You cannot wear most types of armour.
((You are amphibious.))
You can wear up to eight rings at the same time.
((Your skin changes colour to match your surroundings (Stealth+).))
((Your rubbery body absorbs attacks. (AC +1, EV +1)))
((You are camouflaged when in or above water. (Stealth+)))
((You have tentacles for arms and can constrict up to eight enemies at once.))


Message History

The gnoll bouda gazes fiercely through you!
You feel your attacks grow feeble. The gnoll bouda completely misses you.
The gnoll hits you with a +0 flail!
* * * LOW HITPOINT WARNING * * *
You hit the gnoll.
The gnoll is poisoned.
The gnoll is moderately wounded.
You hit the gnoll but do no damage.
The gnoll is heavily wounded.
The gnoll bouda calls upon its god to heal the gnoll.
The gnoll is healed somewhat.
The gnoll misses you.
You hit the gnoll.
The gnoll is severely wounded.
The gnoll bouda barely misses you. The gnoll misses you.
You hit the gnoll but do no damage.
The gnoll looks as sick as possible!
The gnoll is severely wounded.
Your transformation has ended.
You kill the gnoll!
The gnoll bouda barely misses you.
You turn into a venomous arachnid creature.
The gnoll bouda completely misses you.
You hit the gnoll bouda.
The gnoll bouda is poisoned.
The gnoll bouda is lightly wounded.
Your attacks no longer feel as feeble.
The gnoll bouda misses you.
You hit the gnoll bouda.
The gnoll bouda looks as sick as possible!
The gnoll bouda is moderately wounded.
Your transformation is almost over.
The gnoll bouda barely misses you.
You hit the gnoll bouda.
The gnoll bouda looks as sick as possible!
The gnoll bouda is heavily wounded.
The gnoll bouda gazes fiercely through you!
You feel your attacks grow feeble. The gnoll bouda closely misses you.
You hit the gnoll bouda but do no damage.
The gnoll bouda looks as sick as possible!
The gnoll bouda is heavily wounded.
The gnoll bouda hits you with a +0 club!
You die...

..##### #......#.####### #
......# #.)....#.....#.# #
......# #......#####.#.# #
......#####......##..).#.# #
##....##........###.####.########
#>...............................
#................................
#.....##...............#.#######.
#.....##.......#s)...###.# ##.
#.##############g).......# #..
#..#≈≈≈≈#.............#### #..
####≈≈≈≈#####.........# #..
...'≈≈≈≈'...'.........#### #..
...#≈≈≈≈#####............# #..
...#≈≈≈≈# #.##.....###.# #..
...##########.##.....# #.# #..
..#................### #.# ####..


You could see a gnoll bouda (extremely poisoned).

Vanquished Creatures
  An orc priest (D:3)
  Natasha (twice) (D:3)
  Terence (D:2)
  Robin (D:2)
  4 gnolls
  2 adders
  A white imp (D:3)
  A dart slug (D:1)
  3 orcs (D:3)
  6 ball pythons
  3 bats
  6 endoplasms
  2 giant cockroaches
  10 goblins
  5 hobgoblins
  6 jackals
  3 quokkas
  6 frilled lizards
  2 goblin zombies (D:3)
  4 hobgoblin zombies (D:3)
  4 kobolds
  2 kobold skeletons (D:3)
  An orc skeleton (D:3)
  An orc zombie (D:3)
  3 rats
80 creatures vanquished.

Notes
Turn   | Place    | Note
-------+----------+-------------------------------------------
     0 | D:1      | buhh the Octopode Transmuter began the quest for the Orb.
     0 | D:1      | Reached XP level 1. HP: 13/13 MP: 3/3
   277 | D:1      | Reached XP level 2. HP: 18/18 MP: 3/5
  1036 | D:1      | Found Elumigh's One-of-a-Kind Rings.
  1047 | D:1      | Reached XP level 3. HP: 23/23 MP: 4/6
  1144 | D:1      | Found a faded altar of an unknown god.
  1490 | D:2      | Noticed Terence
  1504 | D:2      | Killed Terence
  1505 | D:2      | Reached XP level 4. HP: 11/29 MP: 7/7
  1870 | D:2      | Noticed Robin
  1889 | D:2      | Killed Robin
  2253 | D:1      | Learned a level 2 spell: Wereblood
  2257 | D:1      | Learned a level 3 spell: Spider Form
  2299 | D:2      | Identified the +3 mace "Icric" {flame, Stlth+}
  2568 | D:3      | Found a white marble altar of Elyvilon.
  2982 | D:3      | Noticed Natasha
  2983 | D:3      | Found a glowing golden altar of the Shining One.
  2992 | D:3      | Killed Natasha
  2993 | D:3      | Reached XP level 5. HP: 27/35 MP: 6/8
  3643 | D:3      | Reached skill level 4 in Unarmed Combat
  3807 | D:3      | Found an ancient bone altar of Kikubaaqudgha.
  3825 | D:3      | Got Sif Muna's Atlas of the Spider
  4352 | D:3      | Noticed Natasha
  4360 | D:3      | Killed Natasha
  4361 | D:3      | Reached XP level 6. HP: 39/42 MP: 5/9
  4490 | D:3      | Slain by a gnoll bouda

Illustrated notes

Levels and vault maps discovered:
D:1:      dpeg_arrival_three_same_balls, layout_basic,
          shapermc_ecumenical_altar_mp_vishouse, hangedman_decor_push,
          nicolae_shop_unique_rings
D:2:      layout_basic, uniq_robin, uniq_terence
D:3:      layout_basic, nicolae_tso_besieged_by_evil, old_standard_altar,
          mainiacjoe_overflow_tiny_flanked, chequers_serial_rivers_room_b,
          uniq_natasha

Skill      XL: |  1  2  3  4  5 |
---------------+----------------+-----
Stealth        | 1 |  1.0
Poison Magic   | 1 |  1.0
Fighting       | 2 3 |  3.1
Dodging        | 3 |  3.6
Unarmed Combat | 4 |  4.2
Spellcasting   | |  2.0
Transmutations | |  2.8

Action                   |  1- 3 |  4- 6 || total
-------------------------+-------+-------++-------
Melee: Unarmed           |    61 |   122 ||   183
       Constrict         |    14 |    21 ||    35
       Tentacles         |    11 |    11 ||    22
       Kick              |    20 |    24 ||    44
       Punch             |     1 |     5 ||     6
 Cast: Beastly Appendage |    17 |    29 ||    46
       Spider Form       |       |     6 ||     6
  Use: Scroll            |       |     2 ||     2
       Potion            |       |     1 ||     1
 Stab: Sleeping          |     4 |     3 ||     7
Armor: Skin              |     4 |    16 ||    20
Dodge: Dodged            |    40 |    84 ||   124

Table legend: (Time is in decaauts)
 A = Elapsed time spent in this place.
 B = Non-inter-level travel time spent in this place.
 C = Inter-level travel time spent in this place.
 D = Time resting spent in this place.
 E = Time spent auto-exploring this place.
 F = Levels seen in this place.
 G = Mean time per level.
                   A        B        C        D        E       F      G
               +--------+--------+--------+--------+--------+-----+--------+
         Total |   4479 |   4421 |     58 |   1131 |   2772 |   3 | 1493.0 |
       Dungeon |   4479 |   4421 |     58 |   1131 |   2772 |   3 | 1493.0 |
               +--------+--------+--------+--------+--------+-----+--------+

Top non-repeatable levels by time:
     D:3: 1859 daAuts
     D:1: 1617 daAuts
     D:2: 1002 daAuts
